 Dungeon Crawl Stone Soup version 0.25.0-65-g31bcc41 (webtiles) character file.

36246 Dorkslayer the Fighter (level 13, -12/83 HPs)
             Began as a Gargoyle Fighter on Nov 14, 2020.
             Was a High Priest of Okawaru.
             Mangled by a vampire knight
             ... wielding a +0 glaive
              (24 damage)
             ... on level 3 of the Dungeon.
             The game lasted 00:23:46 (3231 turns).

Dorkslayer the Fighter (Gargoyle Fighter)           Turns: 3231, Time: 00:23:47

Health: -12/83     AC: 33    Str: 30    XL:     13   Next: 89%
Magic:  12/19      EV: 11    Int: 10    God:    Okawaru [*****.]
Gold:   277        SH: 14    Dex: 10    Spells: 12/12 levels left

rFire    + + .     SeeInvis .   v - +8 broad axe (flame)
rCold    . . .     Gourm    .   c - +0 shield
rNeg     + . .     Faith    +   E - +1 plate armour {rPois}
rPois    ∞         Spirit   .   l - +1 hat "Odugruu" {rF+ Str+7}
rElec    +         Reflect  .   (no cloak)
rCorr    .         Harm     .   k - +2 pair of gloves
MR       +....                  g - +0 pair of boots {Fly}
Stlth    ..........             F - amulet of faith
HPRegen  0.23/turn              j - ring of protection from fire
MPRegen  0.16/turn              x - ring of protection from magic

@: heroism, finesse, flying
A: negative energy resistance 1, electricity resistance, unbreathing,
petrification resistance, rot immunity, AC +9
a: Heroism, Finesse, Renounce Religion, Stop Flying


You were on level 3 of the Dungeon.
You worshipped Okawaru.
Okawaru was extremely pleased with you.
You were hungry.

You visited 3 branches of the dungeon, and saw 5 of its levels.

You collected 1006 gold pieces.
You spent 729 gold pieces at shops.

Inventory:

Hand Weapons
 a - a +1 long sword
 h - a +2 hand axe of freezing
 v - a +8 broad axe of flaming (weapon)
Armour
 c - a +0 shield (worn)
 g - a +0 pair of boots of flying (worn)
 k - a +2 pair of gloves (worn)
 l - the +1 hat "Odugruu" (worn) {rF+ Str+7}
   (You bought it in a shop in the Orcish Mines)

   It affects your strength (+7).
   It protects you from fire.
 E - a +1 plate armour of poison resistance (worn)
Jewellery
 j - a ring of protection from fire (left hand)
 x - a ring of protection from magic (right hand)
 F - an amulet of faith (around neck)
Wands
 C - a wand of polymorph (23)
 D - a wand of paralysis (25)
 G - a wand of acid (7)
Scrolls
 b - a scroll of magic mapping
 n - 3 scrolls of teleportation
 o - 3 scrolls of remove curse
 p - 2 scrolls of fog
 H - 2 scrolls of enchant armour
Potions
 q - 2 potions of ambrosia
 r - a potion of resistance
 t - a potion of agility
 u - a potion of brilliance
 w - 2 potions of mutation
 z - 4 potions of curing
 A - 5 potions of flight
 B - 2 potions of heal wounds
Comestibles
 f - 18 rations


   Skills:
 * Level 10.3(15.3) Fighting
 + Level 7.3(12.3) Long Blades
 * Level 10.1(16.0) Axes
   Level 7.1(14.6) Polearms
 + Level 9.0(14.0) Armour
 + Level 2.6(7.6) Dodging
 + Level 3.9(8.9) Stealth
 + Level 8.2(13.2) Shields
 * Level 9.1 Invocations
 * Level 6.0 Evocations


You had 12 spell levels left.
You didn't know any spells.
Your spell library contained the following spells:

 Spells                   Type           Power        Failure   Level  Hunger
 Animate Skeleton         Necr           N/A          95%         1    ##.....
 Apportation              Tloc           #.....       95%         1    ##.....
 Confusing Touch          Hex            #.....       95%         1    ##.....
 Summon Small Mammal      Summ           #...         95%         1    ##.....


Dungeon Overview and Level Annotations

Branches:
Dungeon (3/3)              Temple (1/1) D:1          Shoals (0/1) D:2
  Slime (0/1) D:2             Orc (1/1) D:2             Elf (0/1) Orc
  Snake: D:2-3       Spider: D:2-3       Vaults: D:2-3       Depths: D:3

Altars:
Ashenzari
Cheibriados
Dithmenos
Elyvilon
Fedhas
Gozag
Hepliaklqana
Kikubaaqudgha
Makhleb
Nemelex Xobeh
Okawaru
Qazlal
Ru
Sif Muna
Trog
Uskayaw
Vehumet
Wu Jian
Xom
Yredelemnul
Zin
The Shining One
Beogh
Jiyva

Shops:
Orc :![?


Innate Abilities, Weirdness & Mutations

You are resistant to torment.
Your stone body is resilient. (AC +9)
You are immune to poison.
You resist negative energy. (rN+)
You are resistant to electric shocks. (rElec)
You can survive without breathing.
You are immune to petrification.
You are immune to rotting.


Message History

The fire dragon breathes flames at you. The blast of flame hits you!
You resist.
You gain the combat prowess of a mighty hero.
You block the slime creature's attack.
The vampire knight hits you from afar with a +0 glaive!
The vampire knight casts a spell.
The vampire knight flickers and vanishes!
Deactivating autopickup; reactivate with Ctrl-A.
The fire dragon bites you but does no damage.
The fire dragon barely misses you. The fire dragon completely misses you.
Your plate armour prevents you from hitting something.
You slash the slime creature! You burn the slime creature!
You hit the fire dragon.
The slime creature hits you but does no damage.
Something hits you!!
* * * LOW HITPOINT WARNING * * *
Something bites you.
* * * LOW HITPOINT WARNING * * *
The vampire knight hits you from afar with a +0 glaive!!
You die...

....... #.....$.#
#.......[ #........
..)......
######.......#
###<.....?.)....
####....%..DJ.$....
#...)#####.@{V#.##
#....##+# #+##O..#
...# #..# .. .# #


You could see a fire dragon, a vampire knight, a slime creature and an ogre
mage.

Vanquished Creatures
  2 ogre magi (Orc)
  Nergalle (Orc)
  7 orc sorcerers (Orc)
  A troll (Orc)
  A hippogriff (D:2)
  A warg (Orc)
  4 orc warriors
  5 ogres
  A phantom (D:1)
  A necrophage (D:2)
  3 centaurs (D:2)
  A bullfrog (D:1)
  2 crimson imps (D:1)
  A centaur zombie (D:2)
  A bullfrog skeleton (D:1)
  A hound (D:1)
  Ijyb (D:3)
  19 orc wizards
  3 worker ants (D:1)
  An iguana (D:1)
  A hound zombie (D:1)
  Robin (D:2)
  2 gnolls (D:1)
  2 adders
  23 orcs
  A giant cockroach (D:1)
  8 goblins (D:2)
  2 hobgoblins (D:2)
  A quokka (D:1)
98 creatures vanquished.

Notes
Turn   | Place    | Note
-------+----------+-------------------------------------------
     0 | D:1      | Dorkslayer the Gargoyle Fighter began the quest for the
                  | Orb.
     0 | D:1      | Reached XP level 1. HP: 14/14 MP: 1/1
    47 | D:1      | Noticed a worker ant
    53 | D:1      | Reached XP level 2. HP: 18/20 MP: 2/2
    53 | D:1      | Reached XP level 3. HP: 22/24 MP: 3/3
    53 | D:1      | Reached XP level 4. HP: 27/29 MP: 4/4
    60 | D:1      | Reached XP level 5. HP: 23/34 MP: 5/5
    63 | D:1      | Reached XP level 6. HP: 27/39 MP: 6/6
   265 | D:1      | Reached skill level 5 in Fighting
   265 | D:1      | Reached skill level 5 in Armour
   265 | D:1      | Reached skill level 5 in Shields
   280 | D:1      | Found a staircase to the Ecumenical Temple.
   286 | Temple   | Entered the Ecumenical Temple
   373 | D:1      | Found a radiant altar of Vehumet.
   433 | D:1      | Reached XP level 7. HP: 44/44 MP: 7/7
   483 | D:1      | Found a blossoming altar of Fedhas.
   528 | D:1      | Found an iron altar of Okawaru.
   531 | D:1      | Found a shattered altar of Ashenzari.
   532 | D:1      | Found an ancient bone altar of Kikubaaqudgha.
   536 | D:1      | Became a worshipper of Warmaster Okawaru
   570 | D:1      | Reached * piety under Okawaru
   570 | D:1      | Reached skill level 5 in Long Blades
   570 | D:1      | Reached XP level 8. HP: 51/51 MP: 8/8
   605 | D:1      | Reached XP level 9. HP: 53/56 MP: 7/9
   701 | D:1      | Reached ** piety under Okawaru
   943 | D:1      | Reached skill level 1 in Axes
   946 | D:1      | Reached skill level 1 in Dodging
   970 | D:1      | Found an opulent altar of Gozag.
  1205 | D:2      | Noticed Robin
  1220 | D:2      | Killed Robin
  1238 | D:2      | Reached skill level 1 in Invocations
  1249 | D:2      | Reached *** piety under Okawaru
  1249 | D:2      | Reached XP level 10. HP: 52/63 MP: 8/12
  1268 | D:2      | Found a staircase to the Shoals.
  1395 | D:2      | Found a faded altar of an unknown god.
  1430 | D:2      | Reached skill level 5 in Axes
  1497 | D:2      | Got a bloodstained trident
  1498 | D:2      | Identified the +8 trident of Ashamn {pierce, rPois MR+
                  | Int-5 Stlth+} (You found it on level 2 of the Dungeon)
  1628 | D:2      | Reached **** piety under Okawaru
  1659 | D:2      | Reached skill level 1 in Polearms
  1659 | D:2      | Reached skill level 1 in Evocations
  1677 | D:2      | Found a staircase to the Slime Pits.
  1678 | D:2      | Found a viscous altar of Jiyva.
  1805 | D:2      | Found a staircase to the Orcish Mines.
  1841 | D:2      | Got a scorched mace
  1843 | D:2      | Identified the +8 mace of the Spinneret {drain, rN+ Str+2
                  | Int+3} (You found it on level 2 of the Dungeon)
  2033 | Orc      | Entered the Orcish Mines
  2159 | Orc      | Reached XP level 11. HP: 68/68 MP: 14/14
  2179 | Orc      | Reached skill level 5 in Invocations
  2228 | Orc      | Reached ***** piety under Okawaru
  2346 | Orc      | Found a staircase to the Elven Halls.
  2430 | Orc      | Received a gift from Okawaru
  2430 | Orc      | Reached skill level 1 in Stealth
  2483 | Orc      | Noticed an orc sorcerer
  2497 | Orc      | Killed an orc sorcerer
  2497 | Orc      | Reached skill level 5 in Polearms
  2507 | Orc      | Noticed an orc sorcerer
  2509 | Orc      | Noticed a soul eater
  2519 | Orc      | Killed an orc sorcerer
  2519 | Orc      | Reached XP level 12. HP: 68/75 MP: 10/16
  2529 | Orc      | Received a gift from Okawaru
  2573 | Orc      | Found Sucro's Distillery.
  2591 | Orc      | Bought a potion of curing for 36 gold pieces
  2591 | Orc      | Bought a potion of curing for 36 gold pieces
  2591 | Orc      | Bought a potion of mutation for 96 gold pieces
  2591 | Orc      | Bought a potion of curing for 36 gold pieces
  2591 | Orc      | Bought a potion of heal wounds for 60 gold pieces
  2606 | Orc      | Found a radiant altar of Vehumet.
  2606 | Orc      | Noticed an ogre mage
  2615 | Orc      | Received a gift from Okawaru
  2622 | Orc      | Killed an ogre mage
  2622 | Orc      | Reached skill level 5 in Evocations
  2622 | Orc      | Reached XP level 13. HP: 79/80 MP: 8/19
  2633 | Orc      | Found Rumoew's Antique Armour Shoppe.
  2667 | Orc      | Noticed Nergalle
  2676 | Orc      | Reached ****** piety under Okawaru
  2692 | Orc      | Killed Nergalle
  2692 | Orc      | Reached skill level 10 in Fighting
  2693 | Orc      | Found an ancient bone altar of Kikubaaqudgha.
  2701 | Orc      | Found a roughly hewn altar of Beogh.
  2715 | Orc      | Received a gift from Okawaru
  2720 | Orc      | Reached skill level 10 in Axes
  2725 | Orc      | Found Hexitwau's Magic Scroll Emporium.
  2759 | Orc      | Bought a scroll of identify for 20 gold pieces
  2759 | Orc      | Bought a scroll of identify for 20 gold pieces
  2853 | Orc      | Found Ginaer's Book Emporium.
  2916 | Orc      | Bought a twisted chain mail for 218 gold pieces
  2916 | Orc      | Bought a faintly glowing hat for 207 gold pieces
  2926 | Orc      | Identified the +1 hat "Odugruu" {rF+ Str+7} (You bought it
                  | in a shop in the Orcish Mines)
  2936 | Orc      | Identified the +3 chain mail of Curiosity {rElec rF- MR+++
                  | Slay-4} (You bought it in a shop in the Orcish Mines)
  3210 | D:3      | Entered Level 3 of the Dungeon
  3210 | D:3      | Noticed Ijyb
  3213 | D:3      | Killed Ijyb
  3218 | D:3      | Noticed a fire dragon
  3221 | D:3      | Noticed a vampire knight
  3223 | D:3      | Noticed a vampire knight
  3231 | D:3      | Mangled by a vampire knight

Skill      XL: |  1  2  3  4  5  6  7  8  9 10 11 12 13 |
---------------+----------------------------------------+-----
Fighting       | 4 5 6 7 8 9 10 | 10.3
Long Blades    | 2 3 5 6 7 |  7.3
Armour         | 4 5 6 7 8 9 |  9.0
Shields        | 4 5 6 7 8 |  8.2
Axes           | 4 5 7 10 | 10.1
Dodging        | 2 |  2.6
Invocations    | 3 4 6 8 9 |  9.1
Polearms       | 1 6 7 |  7.1
Evocations     | 1 3 5 6 |  6.0
Stealth        | 2 3 |  3.9

Action                   |  1- 3 |  4- 6 |  7- 9 | 10-12 | 13-15 || total
-------------------------+-------+-------+-------+-------+-------++-------
Melee: Long sword        |     3 |    31 |    60 |       |       ||    94
       Hand axe          |       |       |    87 |    25 |       ||   112
       Trident           |       |       |       |   113 |       ||   113
       Broad axe         |       |       |       |    19 |    51 ||    70
Invok: Heroism           |       |       |     2 |     4 |     3 ||     9
       Finesse           |       |       |       |     3 |     3 ||     6
Evoke: Wand              |       |       |       |     2 |     1 ||     3
  Use: Potion            |     1 |       |     2 |       |       ||     3
       Scroll            |       |       |     2 |    10 |     4 ||    16
 Stab: Paralysed         |       |       |       |     4 |       ||     4
  Eat: Chunk             |       |       |     1 |     2 |     1 ||     4
       Ration            |       |       |       |     1 |       ||     1
Armor: Scale mail        |     3 |     7 |       |       |       ||    10
       Chain mail        |       |    12 |   131 |    13 |       ||   156
       Plate armour      |       |       |       |    41 |    34 ||    75
Dodge: Dodged            |     1 |    12 |    39 |    34 |     9 ||    95
Block: Shield            |       |    11 |       |       |    10 ||    21
       Buckler           |       |     2 |    47 |    32 |     8 ||    89
       Rpst.: Long sword |       |     5 |     3 |       |       ||     8
